 Dungeon Crawl Stone Soup version 0.28.0 (webtiles) character file.

Game seed: 1433038969803045123

3857 themarg the Spear-Bearer (level 9, -2/81 HPs)
             Began as a Minotaur Berserker on Feb 19, 2022.
             Was a Priest of Trog.
             Slain by Grum (6 damage)
             ... on level 8 of the Dungeon.
             The game lasted 00:24:18 (6945 turns).

themarg the Spear-Bearer (Minotaur Berserker)       Turns: 6945, Time: 00:24:20

Health: -2/81      AC:  8    Str: 27    XL:     9   Next: 99%
Magic:  8/8        EV: 12    Int:  6    God:    Trog [***...]
Gold:   233        SH:  0    Dex:  9    Spells: 8/8 levels left

rFire   . . .      SeeInvis .   u - +4 spear of the Extremes {flame, rElec Int+2}
rCold   . . .      Faith    .   (no shield)
rNeg    . . .      Spirit   .   m - +0 scale mail
rPois   .          Reflect  .   (helmet restricted)
rElec   +          Harm     .   (no cloak)
rCorr   .          Rampage  .   q - +0 pair of gloves
Will    .....                   (no boots)
Stlth   +.........              (no amulet)
HPRegen 0.23/turn               (no ring)
MPRegen 0.11/turn               (no ring)

@: about to teleport, on berserk cooldown, slowed, very slow
A: horns 2, retaliatory headbutt
a: Renounce Religion, Berserk, Trog's Hand


You were on level 8 of the Dungeon.
You worshipped Trog.
Trog was most pleased with you.
You visited 1 branch of the dungeon, and saw 8 of its levels.

You collected 323 gold pieces.
You spent 90 gold pieces at shops.

Inventory:

Hand Weapons
 u - the +4 spear of the Extremes (weapon) {flame, rElec Int+2}
   (You found it on level 3 of the Dungeon)

   It burns those it strikes, dealing additional fire damage.
   Int:       It affects your intelligence (+2).
   rElec:     It insulates you from electricity.
 G - a +2 vorpal halberd
Missiles
 f - 12 poisoned darts
 g - a throwing net
 r - 288 stones (quivered)
Armour
 m - a +0 scale mail (worn)
 q - a +0 pair of gloves (worn)
Jewellery
 a - an amulet of magic regeneration
 z - a ring of ice
Wands
 A - a wand of charming (16)
 C - a wand of flame (5)
 E - a wand of iceblast (4)
Scrolls
 c - a scroll of summoning {unknown}
 h - a scroll of torment {unknown}
 k - a scroll of enchant weapon {unknown}
 l - 2 scrolls of amnesia
 n - a scroll of fog {unknown}
 s - a scroll of brand weapon {unknown}
 t - 2 scrolls of vulnerability {unknown}
 w - 2 scrolls of teleportation
 y - a scroll of blinking {unknown}
 F - a scroll of identify
Potions
 d - a potion of curing
 i - a potion of attraction {unknown}
 o - a potion of resistance {unknown}
 p - 5 potions of brilliance
 v - a potion of heal wounds {unknown}
 x - a potion of might {unknown}
 B - 2 potions of invisibility
 D - 2 potions of magic


   Skills:
 + Level 8.1 Fighting
 + Level 6.5(9.5) Axes
 + Level 10.8(11.6) Polearms
 + Level 0.3 Throwing
 + Level 4.7 Armour
 + Level 6.6 Dodging
 + Level 3.9 Stealth


You had 8 spell levels left.
You didn't know any spells.
Your spell library was empty.

Dungeon Overview and Level Annotations

Branches:
Dungeon (8/15)             Temple (0/1) D:5
   Lair: D:8-11

Altars:
Nemelex Xobeh
Zin

Annotations:
D:5 Menkaure
D:8 Erica, Grum


Innate Abilities, Weirdness & Mutations

You have a pair of horns on your head.
You reflexively headbutt those who attack you in melee.


Message History

You reach to attack!
You barely miss Erica.
Erica is lightly wounded.
Unknown command.
Reach: u) +4 spear of the Extremes {flame, rElec Int+2}
Press: ? - help, Dir - move target, f/p - Erica
Aim: Erica, wielding a +1 scimitar of flaming and wearing a +2 robe of fire resistance (lightly wounded, about 32% to evade the +4 spear of the Extremes)
You reach to attack!
You barely miss Erica.
Erica is lightly wounded.
Erica points at you and mumbles some strange words.
You are confused.
You're too confused to aim your attacks!
Unknown command.
You are no longer berserk.
You are exhausted.
You feel yourself slow down. Grum closely misses you.
Erica hits you with a +1 scimitar of flaming!
Erica burns you.
Grum hits you from afar with a +0 spear!
* * * LOW HITPOINT WARNING * * *
Erica completely misses you.
Okay, then.
You are too confused!
You feel better.
Grum hits you from afar with a +0 spear.
Erica barely misses you.
Grum hits you from afar with a +0 spear!
* * * LOW HITPOINT WARNING * * *
Erica points at you and mumbles some strange words.
The lance of force misses you.
Erica hits you with a +1 scimitar of flaming!
* * * LOW HITPOINT WARNING * * *
Erica burns you.
* * * LOW HITPOINT WARNING * * *
As you read the scroll of teleportation, it crumbles to dust.
You feel strangely unstable. Grum closely misses you.
Erica casts a spell.
Erica flickers and vanishes!
Deactivating autopickup; reactivate with Ctrl-A.
Grum hits you from afar with a +0 spear.
You die...

#.#.#
.#.#####...#.≈.#
#.#># .#.# #.#.#.≈.#
#.#.# .#.# #.#.#.≈.#
.# #!#.#.≈...
###††.#.≈≈≈≈≈ .
#.....#......≈≈
...###.###.#######..
........{g.)......##
.###..@###.......
.........# #.#....
..###....# ## .(#
......# .# ##.###.#
# #. .. # .. ..#


You could see Grum.

Vanquished Creatures
  A deep elf pyromancer (D:7)
  Psyche (D:8)
  A steam dragon (D:8)
  2 water moccasins (D:7)
  2 ice beasts (D:5)
  2 sky beasts (D:7)
  A black bear (D:5)
  An orc warrior (D:8)
  A hornet zombie (D:6)
  3 wolves (D:8)
  2 ogres
  A necrophage (D:6)
  3 centaurs
  A kobold brigand (D:4)
  A gnoll sergeant (D:5)
  3 scorpions
  9 killer bees
  An electric eel (D:8)
  3 wights (D:7)
  A howler monkey (D:5)
  A bullfrog zombie (D:5)
  4 jellies
  A centaur zombie (D:5)
  3 iguanas
  2 orc wizards
  A scorpion zombie (D:5)
  A killer bee zombie (D:8)
  11 gnolls
  3 adders
  A white imp (D:8)
  3 dart slugs
  12 orcs
  3 bats
  5 endoplasms
  6 giant cockroaches
  A goblin (D:2)
  6 hobgoblins
  6 jackals (D:1)
  3 quokkas
  12 ball pythons
  4 frilled lizards
  8 kobolds
  5 rats
142 creatures vanquished.

Notes
Turn   | Place    | Note
-------+----------+-------------------------------------------
     0 | D:1      | themarg the Minotaur Berserker began the quest for the Orb.
     0 | D:1      | Reached XP level 1. HP: 19/19 MP: 0/0
   249 | D:1      | Reached XP level 2. HP: 20/27 MP: 1/1
   460 | D:1      | Reached ** piety under Trog
   600 | D:1      | Reached XP level 3. HP: 33/33 MP: 2/2
  1777 | D:3      | Reached skill level 5 in Axes
  1777 | D:3      | Reached XP level 4. HP: 35/41 MP: 3/3
  2281 | D:3      | Identified the +4 spear of the Extremes {flame, rElec
                  | Int+2}
  2435 | D:4      | You fall into a shaft and drop 1 floor!
  2435 | D:5      | Entered Level 5 of the Dungeon
  2500 | D:5      | Noticed a kobold brigand
  2511 | D:5      | Reached XP level 5. HP: 25/47 MP: 4/4
  2525 | D:5      | Noticed an ice beast
  2532 | D:4      | Reached skill level 1 in Polearms
  2532 | D:4      | Reached skill level 1 in Stealth
  3321 | D:5      | Killed an ice beast
  3322 | D:5      | Reached skill level 5 in Fighting
  3322 | D:5      | Reached XP level 6. HP: 15/56 MP: 5/5
  3570 | D:5      | Reached skill level 2 in Polearms
  3650 | D:5      | Found a staircase to the Ecumenical Temple.
  3655 | D:5      | Reached XP level 7. HP: 30/61 MP: 6/6
  3661 | D:5      | Reached skill level 3 in Polearms
  3678 | D:5      | Reached skill level 4 in Polearms
  3868 | D:5      | Noticed Menkaure
  4028 | D:5      | Found a sparkling altar of Nemelex Xobeh.
  4156 | D:5      | Reached *** piety under Trog
  4157 | D:5      | Reached skill level 5 in Dodging
  4646 | D:5      | Reached XP level 8. HP: 70/70 MP: 7/7
  4789 | D:6      | Reached skill level 5 in Polearms
  4804 | D:6      | Reached skill level 6 in Polearms
  4990 | D:6      | Found Zin's Purification Station.
  4990 | D:6      | Found a glowing silver altar of Zin.
  5009 | D:6      | Bought a potion of curing for 90 gold pieces
  5275 | D:6      | Reached skill level 7 in Polearms
  5826 | D:7      | Reached skill level 8 in Polearms
  5891 | D:7      | Noticed a deep elf pyromancer
  5898 | D:7      | Killed a deep elf pyromancer
  5899 | D:7      | Reached XP level 9. HP: 79/79 MP: 8/8
  5900 | D:7      | Reached skill level 9 in Polearms
  6523 | D:8      | Noticed Psyche
  6533 | D:8      | Killed Psyche
  6534 | D:8      | Reached skill level 10 in Polearms
  6570 | D:8      | Noticed Erica
  6925 | D:8      | Noticed Grum
  6944 | D:8      | HP: 3/81 [Erica (2)]
  6945 | D:8      | Slain by Grum

Illustrated notes

Levels and vault maps discovered:
D:1:      minmay_arrival_plants_in_alcoves, layout_rooms, minmay_tetromino_t2
D:2:      layout_loops_ring, kennysheep_generic_room_6
D:3:      layout_basic
D:4:      layout_loops_ring
D:5:      layout_layer_cave, nemelex_dance_club_becter,
          minmay_temple_entry_statues_pillars, uniq_menkaure
D:6:      layout_rooms, zin_purify
D:7:      layout_basic, kennysheep_generic_room_7
D:8:      layout_loops_ring, nicolae_overflow_squiral,
          gammafunk_ghost_nasty_kobolds, minmay_shop_grid_forest, uniq_grum,
          uniq_psyche, uniq_maggie, uniq_erica

Skill      XL: |  1  2  3  4  5  6  7  8  9 |
---------------+----------------------------+-----
Axes           | 4 5 6 |  6.5
Fighting       | 4 5 7 8 |  8.1
Dodging        | 3 4 5 6 |  6.6
Polearms       | 1 2 4 8 10 | 10.8
Stealth        | 1 2 3 |  3.9
Armour         | 4 |  4.7
Throwing       | |  0.3

Action                   |  1- 3 |  4- 6 |  7- 9 || total
-------------------------+-------+-------+-------++-------
Melee: Hand axe          |    86 |    13 |       ||    99
       Headbutt          |    16 |     8 |    27 ||    51
       Spear             |       |    50 |   209 ||   259
       Punch             |       |       |     4 ||     4
Throw: Stone             |       |       |     1 ||     1
Invok: Berserk           |     2 |     2 |     9 ||    13
Evoke: Wand              |       |       |     1 ||     1
  Use: Scroll            |       |     2 |     5 ||     7
       Potion            |       |     3 |     1 ||     4
 Stab: Sleeping          |     1 |     2 |     1 ||     4
Armor: Animal skin       |    16 |     6 |     8 ||    30
       Scale mail        |       |       |    14 ||    14
Dodge: Dodged            |    61 |    35 |    75 ||   171
